 Dungeon Crawl Stone Soup version 0.30.0-3-ga4e48a9924 (webtiles) character file.

Game seed: 17854695957087770397

1185 Cheops the Grappler (level 8, -6/63 HPs)
             Began as a Ghoul Monk on May 7, 2023.
             Mangled by a gnoll sergeant
             ... wielding a +0 trident
              (7 damage)
             ... on level 5 of the Dungeon.
             The game lasted 00:09:31 (4290 turns).

Cheops the Grappler (Ghoul Monk)                    Turns: 4290, Time: 00:09:32

Health: -6/63      AC:  8    Str: 17    XL:     8   Next: 42%
Magic:  0/7        EV: 10    Int:  5    God:
Gold:   228        SH:  0    Dex: 11    Spells: 7/7 levels left

rFire   . .          .
                       - Unarmed
rCold   + . .        (no shield)
rNeg    + + +        z - +0 scale mail
rPois   ∞            (no helmet)
rElec   .            o - +0 cloak {rCorr}
rCorr   +            (no gloves)
SInv    .            n - +0 pair of boots
Will    +....        i - amulet of guardian spirit Stlth
                     m - ring of willpower
HPRegen 0.00/turn    (no ring)
MPRegen 0.10/turn

%: guardian spirit
@: inhibited regen
A: claws 1, cold resistance 1, negative energy resistance 3, inhibited
regeneration, torment resistance 2, devour on kill
a: no special abilities


You were on level 5 of the Dungeon.
You visited 1 branch of the dungeon, and saw 5 of its levels.

You collected 228 gold pieces.

Inventory:

Armour
 a - a +0 robe
 c - an orb of light
 n - a +0 pair of boots (worn)
 o - a +0 cloak of preservation (worn)
 z - a +0 scale mail (worn)
Jewellery
 i - an amulet of guardian spirit (around neck)
 m - a ring of willpower (left claw)
Wands
 j - a wand of iceblast (10)
 r - a wand of flame (8)
 w - a wand of digging (5)
Scrolls
 d - 2 scrolls of teleportation {unknown}
 g - a scroll of magic mapping {unknown}
 h - a scroll of immolation {unknown}
 k - a scroll of vulnerability {unknown}
 p - a scroll of poison {unknown}
 u - a scroll of amnesia {unknown}
 x - a scroll of torment {unknown}
 y - a scroll of fear {unknown}
 A - a scroll of noise {unknown}
Potions
 b - a potion of ambrosia
 e - a potion of magic
 f - 3 potions of curing {unknown}
 l - a potion of might
 q - a potion of heal wounds
 s - 3 potions of attraction
 t - a potion of haste
 v - a potion of brilliance


   Skills:
 - Level 3.2 Fighting
 + Level 4.5 Dodging
 * Level 10.0 Unarmed Combat
 - Level 2.0 Evocations


You had 7 spell levels left.
You didn't know any spells.
Your spell library contained the following spells:

 Spells                   Type           Power      Damage    Failure   Level
 Inner Flame              Hex/Fire       0%         N/A       99%         3
 Vhi's Electric Charge    Tloc/Air       0%         N/A       99%         3
 Petrify                  Tmut/Erth      0%         N/A       100%        4
 Arcjolt                  Conj/Air       0%         1d10      100%        5
 Irradiate                Conj/Tmut      0%         3d11      100%        5
 Yara's Violent Unravell  Hex/Tmut       0%         3d3       100%        5
 Plasma Beam              Fire/Air       0%         2x1d11    100%        6
 Enfeeble                 Hex            0%         N/A       100%        7
 Sublimation of Blood     Necr           Unusable   N/A       N/A         2

Dungeon Overview and Level Annotations

Branches:
Dungeon (5/15)
 Temple: D:4-7

Altars:

Shops:
D:1 [   D:3 *


Innate Abilities, Weirdness & Mutations

You are immune to poison.
You have sharp fingernails.
Your flesh is cold resistant. (rC+)
You are immune to negative energy. (rN+++)
You do not regenerate when monsters are visible.
You are immune to unholy pain and torment.
You thrive by killing the living.


Message History

You are too injured to fight recklessly!
You are too injured to fight recklessly!
Unknown command.
You scratch the ogre.
The ogre is almost dead.
You claw the ogre!
You kill the ogre!
Your Unarmed Combat skill increases to level 10!
The gnoll sergeant barely misses you.
You see here a +0 giant club.
You claw the gnoll sergeant!
The gnoll sergeant is heavily wounded.
The gnoll sergeant hits you with a +0 trident!
* * * LOW HITPOINT WARNING * * *
You scratch the gnoll sergeant but do no damage.
You claw the gnoll sergeant.
The gnoll sergeant is heavily wounded.
The gnoll sergeant hits you with a +0 trident!
* * * LOW HITPOINT WARNING * * *
You closely miss the gnoll sergeant.
The gnoll sergeant is heavily wounded.
You scratch the gnoll sergeant but do no damage.
The gnoll sergeant is heavily wounded.
The gnoll sergeant hits you with a +0 trident.
* * * LOW HITPOINT WARNING * * *
You claw the gnoll sergeant!
The gnoll sergeant is almost dead.
The gnoll sergeant hits you with a +0 trident!
* * * LOW HITPOINT WARNING * * *
You closely miss the gnoll sergeant.
The gnoll sergeant is almost dead.
The gnoll sergeant hits you but does no damage.
Press: ? - help, v - describe, . - travel
Here: a gnoll sergeant, wielding a +0 trident and wearing a +0 scale mail (almost dead)
The floor.
Unknown command.
You scratch the gnoll sergeant but do no damage.
The gnoll sergeant is almost dead.
The gnoll sergeant hits you with a +0 trident!
You die...

#g########..# .#( #.)'..#
####.g..g...#..+ .' #..#..#
#........g..#..# )#####'#.!###
#.##..#####o#..#####'#..P..####..
# #..# ###.#....................
....# #...........#########)###
.##.## #.#.####.##.# #.....[..) .
... #$#.# #.##.# #.#.###### ..? #
#o# #@##.# #.#.# .o# #g##.# #.#.#
..o ..##.# #.#.#
.....#####.####.#.#
.#.#..............#
...).........### #######.######
#.# #.#


You could see a gnoll sergeant.

Vanquished Creatures
  Grinder (D:4)
  Sigmund (D:2)
  A wyvern (D:4)
  A sky beast (D:4)
  3 ogres (D:5)
  A centaur (D:5)
  A sleepcap (D:5)
  Robin (D:2)
  6 gnolls
  2 adders
  4 ufetubi
  3 worms
  20 orcs
  5 bats
  9 endoplasms
  A giant cockroach (D:1)
  11 hobgoblins
  3 jackals (D:2)
  3 quokkas (D:1)
  4 ball pythons
  4 frilled lizards
  15 goblins
  6 kobolds
  5 rats (D:1)
111 creatures vanquished.

Vanquished Creatures (others)
  2 fungi (D:3)
  10 plants (D:3)
12 creatures vanquished.

Grand Total: 123 creatures vanquished

Notes
Turn   | Place    | Note
-------+----------+-------------------------------------------
     0 | D:1      | Cheops the Ghoul Monk began the quest for the Orb.
     0 | D:1      | Reached XP level 1. HP: 19/19 MP: 0/0
    52 | D:1      | Reached XP level 2. HP: 26/26 MP: 1/1
   155 | D:1      | Found Posess's Antique Armour Emporium.
   158 | D:1      | Reached skill level 4 in Unarmed Combat
   328 | D:1      | Reached XP level 3. HP: 30/31 MP: 2/2
   732 | D:2      | Noticed Robin
   760 | D:2      | Reached skill level 5 in Unarmed Combat
   765 | D:2      | Killed Robin
   766 | D:2      | Reached XP level 4. HP: 32/38 MP: 1/3
  1250 | D:2      | Noticed Sigmund
  1265 | D:2      | Killed Sigmund
  1266 | D:2      | Reached skill level 7 in Unarmed Combat
  1266 | D:2      | Reached XP level 5. HP: 34/45 MP: 2/4
  1266 | D:2      | Reached XP level 6. HP: 39/51 MP: 2/5
  1436 | D:3      | Found Ocoizuas's Assorted Antiques.
  1841 | D:3      | Found a faded altar of an unknown god.
  2157 | D:4      | Noticed Grinder
  2157 | D:4      | Paralysed by Grinder for 4 turns
  2451 | D:4      | Reached skill level 1 in Evocations
  2599 | D:4      | Killed Grinder
  2600 | D:4      | Reached skill level 8 in Unarmed Combat
  2600 | D:4      | Reached XP level 7. HP: 54/57 MP: 6/6
  3014 | D:4      | Noticed a wyvern
  3020 | D:4      | Killed a wyvern
  3021 | D:4      | Reached skill level 9 in Unarmed Combat
  3372 | D:5      | Entered Level 5 of the Dungeon
  3411 | D:5      | Reached XP level 8. HP: 39/63 MP: 3/7
  4283 | D:5      | Reached skill level 10 in Unarmed Combat
  4288 | D:5      | HP: 1/63 [gnoll sergeant/+0 trident (7)]
  4290 | D:5      | Mangled by a gnoll sergeant

Illustrated notes

Levels and vault maps discovered:
D:1:      minmay_arrival_shoal_huts, layout_rooms, serial_shops, shop,
          minmay_misc_feat_rugged
D:2:      layout_basic, kennysheep_generic_room_11, uniq_sigmund, uniq_robin
D:3:      layout_loops_ring, shapermc_ecumenical_altar_hornbeckon, serial_shops,
          shop, dk_noncrumbling_2, minmay_tree_intersection
D:4:      nicolae_cairo_tiling_large_dashed, layout_basic, minmay_small_thing,
          uniq_grinder
D:5:      corexii_shantytown, layout_loops_ring,
          chequers_temple_overflow_minitemple

Skill      XL: |  1  2  3  4  5  6  7  8 |
---------------+-------------------------+-----
Unarmed Combat | 4 5 7 8 9 10 | 10.0
Evocations     | 2 |  2.0
Dodging        | 3 4 |  4.5
Fighting       | |  3.2

Action                     |  1- 3 |  4- 6 |  7- 9 || total
---------------------------+-------+-------+-------++-------
  Melee: Unarmed           |   103 |   116 |    96 ||   315
         Punch             |       |     1 |     6 ||     7
  Evoke: Wand              |       |     8 |       ||     8
    Use: Scroll            |       |       |     9 ||     9
 Armour: Robe              |    20 |    27 |     5 ||    52
         Scale mail        |       |       |    12 ||    12
  Dodge: Dodged            |    72 |    79 |    39 ||   190
